[ PARTIDA AOE2 · #485084696 ]
UnrankedMongoles vs Vietnamese
[ ANÁLISIS DE REPETICIÓN · EXTRAÍDO DE LA PARTIDA GRABADA ]
Feudal
13:09
Castillos
17:08
Imperial
29:03
| APM promedio | 28.6 |
| APM pico | 70 |
| eAPM promedio | 21.2 |
| Aldeanos / militares | 168 / 694 |
Foco
⚔️ 37.6% · 🌾 62.4%
Scout Cavalry ×329 · Mangudai ×263 · Trade Cart ×65 · Battering Ram ×60 · Mangonel ×41 · Monk ×1
Feudal
14:48
Castillos
19:49
Imperial
36:21
| APM promedio | 36.0 |
| APM pico | 80 |
| eAPM promedio | 18.9 |
| Aldeanos / militares | 146 / 415 |
Foco
⚔️ 29.6% · 🌾 70.4%
Skirmisher ×216 · Archer ×112 · Rattan Archer ×27 · Bombard Cannon ×26 · Spearman ×23 · Battle Elephant ×9
Feudal
11:06
Castillos
14:17
Imperial
29:17
| APM promedio | 18.1 |
| APM pico | 52 |
| eAPM promedio | 13.2 |
| Aldeanos / militares | 196 / 358 |
Foco
⚔️ 30.1% · 🌾 69.9%
Scout Cavalry ×155 · Ballista Elephant ×131 · Battle Elephant ×59 · Trade Cart ×18 · Trebuchet (Packed) ×12 · Monk ×1
Feudal
14:16
Castillos
34:08
Imperial
55:17
| APM promedio | 18.6 |
| APM pico | 82 |
| eAPM promedio | 14.4 |
| Aldeanos / militares | 113 / 182 |
Foco
⚔️ 33.7% · 🌾 66.3%
Tarkan ×65 · Knight ×61 · Spearman ×49 · Trade Cart ×13 · Skirmisher ×7
Mapa de la partida
Recursos iniciales + cada clic de construcción. Líneas = muros · curvas = relieve. ◆ oro · ⬟ piedra · ● bayas · ✦ reliquia · ◌ hueco del cierre
Tu base· ✓ Cerrada en 17:08 · 20t muro · sin puerta
Base de Innocent Civil· Abierta — el rival se encerró
Base de fyfy· Abierta — hueco de 6t
Base de Horizon· ✓ Cerrada en 34:08 · 79t muro · sin puerta
Terreno inicial suavizado · ◌ = hueco del cierre detectado · pasá el cursor para detalles
Inputs por minuto
— WZx1020 - - Innocent Civil
Build order — WZx1020
Primeras 150 de 656 acciones detectadas
| 0:00 | Crear | Villager (Male) |
| 0:01 | Crear | Villager (Male) |
| 0:01 | Crear | Villager (Male) |
| 0:03 | Construir | House |
| 0:05 | Construir | House |
| 0:33 | Crear | Villager (Male) |
| 0:33 | Crear | Villager (Male) |
| 1:15 | Construir | Palisade Wall |
| 1:17 | Construir | Palisade Wall |
| 1:39 | Crear | Villager (Male) |
| 2:02 | Crear | Villager (Male) |
| 2:03 | Crear | Villager (Male) |
| 2:34 | Crear | Villager (Male) |
| 2:34 | Crear | Villager (Male) |
| 2:43 | Construir | House |
| 2:46 | Construir | House |
| 2:59 | Crear | Villager (Male) |
| 3:30 | Crear | Villager (Male) |
| 3:46 | Crear | Villager (Male) |
| 3:47 | Crear | Villager (Male) |
| 4:30 | Crear | Villager (Male) |
| 5:15 | Crear | Villager (Male) |
| 5:29 | Construir | Palisade Wall |
| 5:31 | Construir | Palisade Wall |
| 5:38 | Crear | Villager (Male) |
| 6:02 | Construir | Lumber Camp |
| 6:06 | Crear | Villager (Male) |
| 6:07 | Crear | Villager (Male) |
| 6:24 | Crear | Villager (Male) |
| 6:28 | Construir | House |
| 6:30 | Construir | House |
| 7:25 | Construir | Mill |
| 7:41 | Construir | House |
| 7:45 | Construir | House |
| 8:24 | Crear | Villager (Male) |
| 8:24 | Crear | Villager (Male) |
| 8:24 | Crear | Villager (Male) |
| 8:24 | Crear | Villager (Male) |
| 8:25 | Crear | Villager (Male) |
| 9:13 | Crear | Villager (Male) |
| 9:14 | Crear | Villager (Male) |
| 9:22 | Construir | House |
| 9:44 | Crear | Villager (Male) |
| 9:49 | Crear | Villager (Male) |
| 10:01 | Crear | Villager (Male) |
| 10:08 | Crear | Villager (Male) |
| 10:20 | Crear | Villager (Male) |
| 10:43 | Construir | Mining Camp |
| 10:59 | Investigar | Feudal Age |
| 11:59 | Crear | Villager (Male) |
| 12:11 | Construir | Farm |
| 12:14 | Construir | Farm |
| 12:18 | Construir | Farm |
| 12:40 | Construir | Farm |
| 12:50 | Crear | Villager (Male) |
| 13:09 | Edad | Edad Feudal |
| 13:21 | Crear | Villager (Male) |
| 13:37 | Construir | Market |
| 13:52 | Construir | Blacksmith |
| 13:59 | Crear | Villager (Male) |
| 14:02 | Construir | Farm |
| 14:05 | Construir | Farm |
| 14:28 | Investigar | Castle Age |
| 14:30 | Construir | Farm |
| 14:52 | Construir | Farm |
| 14:57 | Construir | Farm |
| 14:59 | Crear | Villager (Male) |
| 15:34 | Construir | Farm |
| 15:41 | Construir | Farm |
| 15:46 | Crear | Villager (Male) |
| 16:02 | Investigar | Double-Bit Axe |
| 16:03 | Investigar | Horse Collar |
| 16:18 | Construir | House |
| 16:19 | Construir | House |
| 16:36 | Construir | Palisade Wall |
| 16:44 | Crear | Villager (Male) |
| 16:47 | Construir | Farm |
| 16:49 | Construir | Farm |
| 16:58 | Construir | Farm |
| 16:59 | Construir | Farm |
| 17:08 | Edad | Edad de los Castillos |
| 17:30 | Construir | Town Center |
| 17:39 | Crear | Villager (Male) |
| 18:20 | Crear | Villager (Male) |
| 18:42 | Construir | Town Center |
| 18:47 | Crear | Villager (Male) |
| 18:54 | Construir | Farm |
| 18:55 | Construir | Farm |
| 19:05 | Crear | Villager (Male) |
| 19:05 | Crear | Villager (Male) |
| 19:06 | Crear | Villager (Male) |
| 19:06 | Crear | Villager (Male) |
| 19:12 | Crear | Villager (Male) |
| 19:13 | Crear | Villager (Male) |
| 19:13 | Crear | Villager (Male) |
| 19:21 | Crear | Villager (Male) |
| 19:21 | Crear | Villager (Male) |
| 19:21 | Crear | Villager (Male) |
| 19:29 | Construir | Farm |
| 19:30 | Construir | Farm |
| 19:30 | Construir | Farm |
| 19:30 | Construir | Farm |
| 19:31 | Construir | Farm |
| 19:40 | Construir | Farm |
| 19:45 | Crear | Villager (Male) |
| 19:45 | Crear | Villager (Male) |
| 19:45 | Crear | Villager (Male) |
| 19:56 | Crear | Villager (Male) |
| 20:13 | Crear | Villager (Male) |
| 20:14 | Crear | Villager (Male) |
| 20:14 | Crear | Villager (Male) |
| 20:15 | Crear | Villager (Male) |
| 20:15 | Crear | Villager (Male) |
| 20:15 | Crear | Villager (Male) |
| 20:16 | Crear | Villager (Male) |
| 20:16 | Crear | Villager (Male) |
| 20:20 | Construir | Farm |
| 20:21 | Construir | Farm |
| 20:34 | Construir | Farm |
| 20:38 | Construir | Farm |
| 20:39 | Construir | Farm |
| 20:41 | Crear | Villager (Male) |
| 20:43 | Crear | Villager (Male) |
| 21:01 | Construir | House |
| 21:02 | Construir | House |
| 21:07 | Construir | Farm |
| 21:09 | Crear | Villager (Male) |
| 21:09 | Crear | Villager (Male) |
| 21:10 | Crear | Villager (Male) |
| 21:10 | Crear | Villager (Male) |
| 21:22 | Construir | Farm |
| 21:24 | Construir | Farm |
| 21:25 | Construir | Farm |
| 21:30 | Crear | Villager (Male) |
| 21:30 | Crear | Villager (Male) |
| 21:30 | Crear | Villager (Male) |
| 21:50 | Investigar | Bow Saw |
| 22:12 | Construir | Monastery |
| 22:24 | Construir | Mining Camp |
| 22:32 | Construir | House |
| 22:33 | Construir | House |
| 22:34 | Crear | Villager (Male) |
| 22:35 | Crear | Villager (Male) |
| 22:35 | Crear | Villager (Male) |
| 22:35 | Crear | Villager (Male) |
| 22:38 | Construir | Farm |
| 22:47 | Crear | Villager (Male) |
| 22:53 | Crear | Villager (Male) |
| 22:53 | Crear | Villager (Male) |
| 22:53 | Crear | Villager (Male) |
Build order — Innocent Civil
Primeras 150 de 559 acciones detectadas
| 0:01 | Crear | Villager (Male) |
| 0:01 | Crear | Villager (Male) |
| 0:02 | Crear | Villager (Male) |
| 0:09 | Construir | House |
| 0:34 | Crear | Villager (Male) |
| 0:34 | Crear | Villager (Male) |
| 0:54 | Construir | Palisade Wall |
| 1:57 | Crear | Villager (Male) |
| 1:57 | Crear | Villager (Male) |
| 2:05 | Construir | House |
| 2:31 | Crear | Villager (Male) |
| 2:32 | Crear | Villager (Male) |
| 2:48 | Construir | Palisade Wall |
| 2:53 | Crear | Villager (Male) |
| 3:19 | Construir | Mill |
| 4:10 | Crear | Villager (Male) |
| 4:10 | Crear | Villager (Male) |
| 4:10 | Crear | Villager (Male) |
| 4:59 | Crear | Villager (Male) |
| 5:00 | Crear | Villager (Male) |
| 5:13 | Construir | House |
| 5:48 | Construir | Lumber Camp |
| 6:14 | Crear | Villager (Male) |
| 6:14 | Crear | Villager (Male) |
| 6:14 | Crear | Villager (Male) |
| 7:04 | Crear | Villager (Male) |
| 7:04 | Crear | Villager (Male) |
| 7:04 | Crear | Villager (Male) |
| 7:05 | Crear | Villager (Male) |
| 7:05 | Crear | Villager (Male) |
| 7:17 | Crear | Villager (Male) |
| 7:18 | Crear | Villager (Male) |
| 7:49 | Crear | Villager (Male) |
| 7:50 | Crear | Villager (Male) |
| 7:57 | Construir | House |
| 8:39 | Crear | Villager (Male) |
| 8:40 | Crear | Villager (Male) |
| 8:52 | Crear | Villager (Male) |
| 8:52 | Crear | Villager (Male) |
| 9:42 | Crear | Villager (Male) |
| 9:43 | Crear | Villager (Male) |
| 10:19 | Construir | House |
| 10:20 | Construir | House |
| 12:13 | Crear | Villager (Male) |
| 12:17 | Investigar | Feudal Age |
| 12:53 | Investigar | Loom |
| 13:05 | Construir | Barracks |
| 13:10 | Construir | Farm |
| 13:10 | Construir | Farm |
| 13:10 | Construir | Farm |
| 13:10 | Construir | Farm |
| 14:40 | Construir | Mining Camp |
| 14:48 | Edad | Edad Feudal |
| 14:54 | Construir | Market |
| 15:02 | Construir | Blacksmith |
| 15:15 | Crear | Villager (Male) |
| 15:49 | Crear | Villager (Male) |
| 16:35 | Crear | Villager (Male) |
| 16:47 | Construir | Farm |
| 16:47 | Construir | Farm |
| 16:47 | Construir | Farm |
| 16:48 | Construir | Farm |
| 16:48 | Construir | Farm |
| 17:06 | Construir | Farm |
| 17:09 | Investigar | Castle Age |
| 17:34 | Construir | House |
| 17:35 | Construir | House |
| 17:37 | Construir | House |
| 17:39 | Construir | House |
| 17:45 | Investigar | Double-Bit Axe |
| 17:47 | Investigar | Gold Mining |
| 17:50 | Crear | Villager (Male) |
| 17:50 | Crear | Villager (Male) |
| 17:50 | Crear | Villager (Male) |
| 18:37 | Construir | Archery Range |
| 18:42 | Construir | Archery Range |
| 18:47 | Construir | Archery Range |
| 19:49 | Edad | Edad de los Castillos |
| 19:53 | Construir | Town Center |
| 20:09 | Construir | Town Center |
| 20:13 | Crear | Villager (Male) |
| 20:21 | Crear | Villager (Male) |
| 20:22 | Crear | Villager (Male) |
| 20:37 | Construir | Monastery |
| 20:40 | Investigar | Horse Collar |
| 20:42 | Crear | Villager (Male) |
| 20:42 | Crear | Villager (Male) |
| 20:43 | Crear | Villager (Male) |
| 20:46 | Construir | Farm |
| 21:10 | Construir | Farm |
| 21:18 | Crear | Villager (Male) |
| 21:18 | Crear | Villager (Male) |
| 21:18 | Crear | Villager (Male) |
| 21:26 | Construir | House |
| 21:27 | Construir | House |
| 21:29 | Construir | House |
| 21:31 | Construir | House |
| 21:34 | Crear | Villager (Male) |
| 21:35 | Crear | Villager (Male) |
| 21:35 | Crear | Villager (Male) |
| 21:36 | Crear | Villager (Male) |
| 21:37 | Crear | Villager (Male) |
| 21:39 | Crear | Monk |
| 21:44 | Crear | Villager (Male) |
| 21:44 | Crear | Villager (Male) |
| 22:06 | Crear | Villager (Male) |
| 22:06 | Crear | Villager (Male) |
| 22:14 | Construir | Lumber Camp |
| 22:35 | Crear | Monk |
| 22:39 | Crear | Villager (Male) |
| 22:39 | Crear | Villager (Male) |
| 22:40 | Crear | Villager (Male) |
| 23:09 | Construir | Farm |
| 23:11 | Crear | Villager (Male) |
| 23:11 | Crear | Villager (Male) |
| 23:11 | Crear | Villager (Male) |
| 23:14 | Crear | Villager (Male) |
| 23:15 | Crear | Villager (Male) |
| 23:20 | Construir | Farm |
| 23:42 | Construir | Siege Workshop |
| 23:51 | Crear | Villager (Male) |
| 23:51 | Crear | Villager (Male) |
| 23:51 | Crear | Villager (Male) |
| 24:34 | Construir | Palisade Wall |
| 24:42 | Crear | Villager (Male) |
| 24:42 | Crear | Villager (Male) |
| 24:42 | Crear | Villager (Male) |
| 24:42 | Crear | Villager (Male) |
| 24:42 | Crear | Villager (Male) |
| 24:43 | Crear | Villager (Male) |
| 24:50 | Construir | Farm |
| 24:52 | Construir | Farm |
| 25:07 | Crear | Villager (Male) |
| 25:07 | Crear | Villager (Male) |
| 25:22 | Construir | Farm |
| 25:24 | Construir | Farm |
| 25:27 | Crear | Villager (Male) |
| 25:27 | Crear | Villager (Male) |
| 25:44 | Construir | Farm |
| 25:48 | Construir | Farm |
| 25:56 | Construir | Farm |
| 25:59 | Construir | Lumber Camp |
| 26:05 | Construir | Farm |
| 26:10 | Crear | Villager (Male) |
| 26:10 | Crear | Villager (Male) |
| 26:28 | Construir | Stable |
| 26:30 | Construir | Stable |
| 26:32 | Construir | Stable |
| 26:38 | Crear | Villager (Male) |
| 26:38 | Crear | Villager (Male) |
Build order — fyfy
Primeras 150 de 521 acciones detectadas
| 0:02 | Crear | Villager (Male) |
| 0:02 | Crear | Villager (Male) |
| 0:02 | Crear | Villager (Male) |
| 0:02 | Crear | Villager (Male) |
| 0:03 | Crear | Villager (Male) |
| 0:04 | Construir | House |
| 0:06 | Construir | House |
| 1:26 | Crear | Villager (Male) |
| 1:27 | Crear | Villager (Male) |
| 1:46 | Construir | Lumber Camp |
| 2:01 | Crear | Villager (Male) |
| 2:01 | Crear | Villager (Male) |
| 2:22 | Construir | House |
| 2:23 | Construir | House |
| 2:34 | Crear | Villager (Male) |
| 2:35 | Crear | Villager (Male) |
| 3:00 | Crear | Villager (Male) |
| 3:00 | Crear | Villager (Male) |
| 3:22 | Crear | Villager (Male) |
| 3:22 | Crear | Villager (Male) |
| 3:22 | Crear | Villager (Male) |
| 3:52 | Crear | Villager (Male) |
| 3:52 | Crear | Villager (Male) |
| 3:52 | Crear | Villager (Male) |
| 4:44 | Crear | Villager (Male) |
| 4:45 | Crear | Villager (Male) |
| 4:45 | Crear | Villager (Male) |
| 4:59 | Crear | Villager (Male) |
| 4:59 | Crear | Villager (Male) |
| 4:59 | Crear | Villager (Male) |
| 5:03 | Construir | House |
| 5:10 | Construir | House |
| 6:19 | Construir | Mill |
| 6:20 | Crear | Villager (Male) |
| 6:20 | Crear | Villager (Male) |
| 6:54 | Construir | Palisade Gate |
| 7:01 | Crear | Villager (Male) |
| 7:01 | Crear | Villager (Male) |
| 8:06 | Crear | Villager (Male) |
| 8:06 | Crear | Villager (Male) |
| 8:35 | Investigar | Feudal Age |
| 8:39 | Construir | Mining Camp |
| 11:06 | Edad | Edad Feudal |
| 11:08 | Investigar | Loom |
| 11:37 | Investigar | Castle Age |
| 13:26 | Construir | Stable |
| 13:55 | Construir | Market |
| 14:10 | Construir | Mining Camp |
| 14:12 | Crear | Villager (Male) |
| 14:13 | Crear | Villager (Male) |
| 14:17 | Investigar | Double-Bit Axe |
| 14:17 | Edad | Edad de los Castillos |
| 14:26 | Construir | Town Center |
| 15:11 | Crear | Villager (Male) |
| 15:11 | Crear | Villager (Male) |
| 15:29 | Crear | Villager (Male) |
| 15:29 | Crear | Villager (Male) |
| 15:32 | Crear | Villager (Male) |
| 15:32 | Crear | Villager (Male) |
| 15:36 | Investigar | Bow Saw |
| 16:31 | Construir | Town Center |
| 16:33 | Crear | Villager (Male) |
| 16:33 | Crear | Villager (Male) |
| 16:33 | Crear | Villager (Male) |
| 16:39 | Construir | House |
| 16:47 | Construir | House |
| 16:56 | Construir | Farm |
| 17:03 | Crear | Villager (Male) |
| 17:03 | Crear | Villager (Male) |
| 17:03 | Crear | Villager (Male) |
| 17:04 | Crear | Villager (Male) |
| 17:04 | Crear | Villager (Male) |
| 17:04 | Crear | Villager (Male) |
| 17:04 | Crear | Villager (Male) |
| 17:29 | Investigar | Horse Collar |
| 17:29 | Investigar | Horse Collar |
| 17:29 | Crear | Villager (Male) |
| 17:41 | Construir | Farm |
| 17:43 | Construir | Farm |
| 17:47 | Construir | Farm |
| 17:50 | Construir | Farm |
| 17:52 | Construir | Farm |
| 18:14 | Construir | Farm |
| 18:16 | Crear | Villager (Male) |
| 18:16 | Crear | Villager (Male) |
| 18:27 | Construir | Farm |
| 18:30 | Construir | Farm |
| 18:38 | Construir | Farm |
| 18:45 | Construir | Farm |
| 18:46 | Construir | Farm |
| 18:47 | Crear | Villager (Male) |
| 18:47 | Crear | Villager (Male) |
| 18:57 | Crear | Villager (Male) |
| 18:57 | Crear | Villager (Male) |
| 18:57 | Crear | Villager (Male) |
| 18:57 | Crear | Villager (Male) |
| 18:57 | Crear | Villager (Male) |
| 19:04 | Construir | Farm |
| 19:05 | Construir | Farm |
| 19:06 | Construir | Farm |
| 19:07 | Construir | Farm |
| 19:11 | Crear | Villager (Male) |
| 19:11 | Crear | Villager (Male) |
| 19:19 | Construir | House |
| 19:21 | Construir | House |
| 19:22 | Construir | House |
| 19:24 | Crear | Villager (Male) |
| 19:24 | Crear | Villager (Male) |
| 19:39 | Construir | Farm |
| 19:45 | Construir | Monastery |
| 19:46 | Crear | Villager (Male) |
| 19:46 | Crear | Villager (Male) |
| 19:51 | Crear | Villager (Male) |
| 19:52 | Crear | Villager (Male) |
| 20:21 | Construir | Town Center |
| 20:22 | Crear | Villager (Male) |
| 20:23 | Crear | Villager (Male) |
| 20:23 | Crear | Villager (Male) |
| 20:23 | Crear | Villager (Male) |
| 20:25 | Crear | Villager (Male) |
| 20:25 | Crear | Villager (Male) |
| 20:25 | Crear | Villager (Male) |
| 20:31 | Construir | Farm |
| 20:38 | Construir | Farm |
| 20:41 | Construir | Farm |
| 20:42 | Crear | Villager (Male) |
| 20:42 | Crear | Villager (Male) |
| 20:43 | Crear | Villager (Male) |
| 20:46 | Crear | Monk |
| 20:52 | Crear | Villager (Male) |
| 20:52 | Crear | Villager (Male) |
| 20:58 | Construir | Farm |
| 20:59 | Crear | Villager (Male) |
| 21:00 | Crear | Villager (Male) |
| 21:05 | Construir | Farm |
| 21:07 | Construir | Farm |
| 21:08 | Crear | Villager (Male) |
| 21:08 | Crear | Villager (Male) |
| 21:13 | Crear | Villager (Male) |
| 21:13 | Crear | Villager (Male) |
| 21:32 | Construir | Mining Camp |
| 21:33 | Crear | Villager (Male) |
| 21:33 | Crear | Villager (Male) |
| 21:34 | Crear | Villager (Male) |
| 21:34 | Crear | Villager (Male) |
| 21:34 | Crear | Villager (Male) |
| 21:55 | Investigar | Wheelbarrow |
| 22:00 | Construir | Farm |
| 22:02 | Construir | Farm |
| 22:07 | Construir | Farm |
Build order — Horizon
Primeras 150 de 446 acciones detectadas
| 0:57 | Crear | Villager (Male) |
| 0:57 | Crear | Villager (Male) |
| 0:57 | Crear | Villager (Male) |
| 0:57 | Crear | Villager (Male) |
| 0:58 | Investigar | Loom |
| 2:30 | Construir | Palisade Wall |
| 3:21 | Crear | Villager (Male) |
| 3:21 | Crear | Villager (Male) |
| 3:21 | Crear | Villager (Male) |
| 3:22 | Crear | Villager (Male) |
| 3:22 | Crear | Villager (Male) |
| 4:13 | Construir | Palisade Wall |
| 4:48 | Construir | Palisade Wall |
| 5:09 | Construir | Lumber Camp |
| 5:15 | Crear | Villager (Male) |
| 5:16 | Crear | Villager (Male) |
| 5:16 | Crear | Villager (Male) |
| 5:16 | Crear | Villager (Male) |
| 5:16 | Crear | Villager (Male) |
| 5:17 | Crear | Villager (Male) |
| 5:54 | Construir | Mill |
| 6:49 | Crear | Villager (Male) |
| 6:50 | Crear | Villager (Male) |
| 6:50 | Crear | Villager (Male) |
| 6:50 | Crear | Villager (Male) |
| 6:50 | Crear | Villager (Male) |
| 6:51 | Crear | Villager (Male) |
| 7:26 | Construir | Farm |
| 7:31 | Crear | Villager (Male) |
| 7:31 | Crear | Villager (Male) |
| 7:59 | Construir | Palisade Wall |
| 8:16 | Construir | Palisade Wall |
| 9:09 | Construir | Farm |
| 9:31 | Crear | Villager (Male) |
| 9:31 | Crear | Villager (Male) |
| 10:20 | Construir | Farm |
| 10:27 | Construir | Farm |
| 11:02 | Construir | Palisade Wall |
| 12:06 | Investigar | Feudal Age |
| 12:54 | Construir | Farm |
| 13:31 | Construir | Farm |
| 13:42 | Construir | Farm |
| 14:00 | Crear | Villager (Male) |
| 14:00 | Crear | Villager (Male) |
| 14:01 | Crear | Villager (Male) |
| 14:01 | Crear | Villager (Male) |
| 14:01 | Crear | Villager (Male) |
| 14:01 | Crear | Villager (Male) |
| 14:02 | Crear | Villager (Male) |
| 14:02 | Crear | Villager (Male) |
| 14:16 | Edad | Edad Feudal |
| 14:28 | Construir | Palisade Wall |
| 14:41 | Investigar | Horse Collar |
| 14:48 | Investigar | Town Watch |
| 14:58 | Construir | Farm |
| 16:06 | Construir | Mining Camp |
| 16:26 | Construir | Mining Camp |
| 16:40 | Construir | Market |
| 16:57 | Construir | Market |
| 17:31 | Investigar | Double-Bit Axe |
| 18:09 | Construir | Farm |
| 18:26 | Investigar | Wheelbarrow |
| 18:29 | Crear | Villager (Male) |
| 18:29 | Crear | Villager (Male) |
| 18:29 | Crear | Villager (Male) |
| 18:29 | Crear | Villager (Male) |
| 18:30 | Crear | Villager (Male) |
| 19:07 | Construir | Palisade Wall |
| 19:46 | Investigar | Stone Mining |
| 20:44 | Construir | Farm |
| 21:18 | Construir | Farm |
| 21:34 | Construir | Lumber Camp |
| 22:09 | Construir | Mining Camp |
| 22:15 | Crear | Villager (Male) |
| 22:15 | Crear | Villager (Male) |
| 22:16 | Crear | Villager (Male) |
| 22:16 | Crear | Villager (Male) |
| 22:18 | Crear | Villager (Male) |
| 22:23 | Crear | Villager (Male) |
| 22:43 | Investigar | Gold Mining |
| 22:58 | Crear | Villager (Male) |
| 22:58 | Crear | Villager (Male) |
| 23:38 | Construir | Farm |
| 24:08 | Construir | Market |
| 25:18 | Construir | Lumber Camp |
| 25:56 | Crear | Trade Cart |
| 25:56 | Crear | Trade Cart |
| 25:57 | Crear | Trade Cart |
| 25:57 | Crear | Trade Cart |
| 26:21 | Crear | Villager (Male) |
| 26:21 | Crear | Villager (Male) |
| 26:21 | Crear | Villager (Male) |
| 26:21 | Crear | Villager (Male) |
| 26:24 | Crear | Villager (Male) |
| 26:53 | Construir | Farm |
| 27:36 | Construir | Lumber Camp |
| 28:30 | Construir | Farm |
| 29:15 | Construir | Barracks |
| 29:45 | Crear | Villager (Male) |
| 29:45 | Crear | Villager (Male) |
| 30:27 | Construir | Blacksmith |
| 30:38 | Crear | Villager (Male) |
| 30:38 | Crear | Villager (Male) |
| 30:54 | Construir | Archery Range |
| 31:09 | Investigar | Castle Age |
| 31:25 | Construir | Mining Camp |
| 31:41 | Construir | Stable |
| 31:45 | Construir | Stable |
| 31:47 | Construir | Stable |
| 31:49 | Construir | Stable |
| 31:54 | Construir | Stable |
| 32:05 | Investigar | Arson |
| 32:24 | Crear | Villager (Male) |
| 32:24 | Crear | Villager (Male) |
| 32:25 | Crear | Villager (Male) |
| 32:25 | Crear | Villager (Male) |
| 32:25 | Crear | Villager (Male) |
| 32:42 | Crear | Skirmisher |
| 32:43 | Crear | Skirmisher |
| 32:43 | Crear | Skirmisher |
| 32:43 | Crear | Skirmisher |
| 32:43 | Crear | Skirmisher |
| 32:45 | Crear | Skirmisher |
| 32:45 | Crear | Skirmisher |
| 32:54 | Investigar | Man-at-Arms (upgrade) |
| 33:07 | Investigar | Forging |
| 33:08 | Investigar | Scale Mail Armor |
| 33:09 | Investigar | Scale Barding Armor |
| 33:10 | Investigar | Fletching |
| 33:11 | Investigar | Padded Archer Armor |
| 34:08 | Edad | Edad de los Castillos |
| 34:11 | Investigar | Hand Cart |
| 34:14 | Investigar | Town Patrol |
| 34:26 | Investigar | Iron Casting |
| 34:34 | Investigar | Husbandry |
| 34:35 | Investigar | Bloodlines |
| 34:37 | Investigar | Light Cavalry (upgrade) |
| 34:50 | Construir | Town Center |
| 35:42 | Investigar | Chain Barding Armor |
| 35:56 | Investigar | Bow Saw |
| 36:57 | Construir | Farm |
| 37:07 | Construir | Farm |
| 37:09 | Construir | Farm |
| 37:41 | Crear | Knight |
| 37:42 | Crear | Knight |
| 37:42 | Crear | Knight |
| 37:42 | Crear | Knight |
| 37:42 | Crear | Knight |
| 37:42 | Crear | Knight |
| 37:56 | Crear | Villager (Male) |
Cronología de la partida
| 0:54 | Innocent Civil · wall_segment Palisade Wall x6 |
| 1:15 | WZx1020 · wall_segment Palisade Wall x3 |
| 1:17 | WZx1020 · wall_segment Palisade Wall x1 |
| 2:30 | Horizon · wall_segment Palisade Wall x9 |
| 2:48 | Innocent Civil · wall_segment Palisade Wall x8 |
| 4:13 | Horizon · wall_segment Palisade Wall x1 |
| 4:48 | Horizon · wall_segment Palisade Wall x12 |
| 5:29 | WZx1020 · wall_segment Palisade Wall x5 |
| 5:31 | WZx1020 · wall_segment Palisade Wall x2 |
| 7:59 | Horizon · wall_segment Palisade Wall x1 |
| 8:16 | Horizon · wall_segment Palisade Wall x15 |
| 11:02 | Horizon · wall_segment Palisade Wall x15 |
| 11:06 | fyfy · age_up feudal |
| 13:05 | Innocent Civil · first_building Barracks |
| 13:09 | WZx1020 · age_up feudal |
| 13:26 | fyfy · first_building Stable |
| 14:16 | Horizon · age_up feudal |
| 14:17 | fyfy · age_up castle |
| 14:28 | Horizon · wall_segment Palisade Wall x14 |
| 14:48 | Innocent Civil · age_up feudal |
| 16:36 | WZx1020 · wall_segment Palisade Wall x10 |
| 17:08 | WZx1020 · age_up castle |
| 18:37 | Innocent Civil · first_building Archery Range |
| 18:56 | fyfy · first_market_buy 100 food |
| 19:07 | Horizon · wall_segment Palisade Wall x12 |
| 19:45 | fyfy · first_building Monastery |
| 19:49 | Innocent Civil · age_up castle |
| 20:37 | Innocent Civil · first_building Monastery |
| 22:12 | WZx1020 · first_building Monastery |
| 23:42 | Innocent Civil · first_building Siege Workshop |
| 24:20 | fyfy · wall_segment Stone Wall x9 |
| 24:34 | Innocent Civil · wall_segment Palisade Wall x12 |
| 25:36 | fyfy · wall_segment Stone Wall x12 |
| 26:28 | Innocent Civil · first_building Stable |
| 28:08 | WZx1020 · first_building Castle |
| 29:03 | WZx1020 · age_up imperial |
| 29:06 | fyfy · first_building Castle |
| 29:15 | Horizon · first_building Barracks |
| 29:17 | fyfy · age_up imperial |
| 29:23 | WZx1020 · first_building Siege Workshop |
| 29:31 | WZx1020 · first_building Barracks |
| 30:08 | Innocent Civil · wall_segment Stone Wall x7 |
| 30:39 | WZx1020 · first_building Stable |
| 30:54 | Horizon · first_building Archery Range |
| 31:33 | Innocent Civil · wall_segment Stone Wall x5 |
| 31:41 | Horizon · first_building Stable |
| 31:43 | Innocent Civil · wall_segment Stone Wall x5 |
| 31:54 | Innocent Civil · wall_segment Stone Wall x8 |
| 33:05 | Innocent Civil · first_market_buy 100 food |
| 34:08 | Horizon · age_up castle |
| 35:39 | Innocent Civil · wall_segment Stone Wall x12 |
| 35:51 | Innocent Civil · first_building Castle |
| 36:21 | Innocent Civil · age_up imperial |
| 36:47 | Innocent Civil · wall_segment Stone Wall x14 |
| 37:40 | Innocent Civil · wall_segment Stone Wall x2 |
| 38:04 | WZx1020 · first_building Archery Range |
| 45:23 | WZx1020 · first_market_sell 500 wood |
| 49:20 | Horizon · first_building Castle |
| 51:41 | Horizon · tribute_sent a jugador 1 |
| 51:41 | Horizon · tribute_sent a jugador 2 |
| 51:41 | Horizon · tribute_sent a jugador 3 |
| 51:54 | Horizon · tribute_sent a jugador 1 |
| 51:54 | Horizon · tribute_sent a jugador 2 |
| 51:54 | Horizon · tribute_sent a jugador 3 |
| 55:17 | Horizon · age_up imperial |
| 62:46 | Horizon · first_market_sell 100 wood |
| 68:12 | Horizon · tribute_sent a jugador 1 |
| 68:12 | Horizon · tribute_sent a jugador 2 |
| 68:12 | Horizon · tribute_sent a jugador 3 |
| 69:25 | Innocent Civil · first_market_sell 100 food |
| 72:40 | WZx1020 · resign |
[ ANÁLISIS IA · 1 CRÉDITO ]
¿Qué pasó realmente en esta partida?
Wolo.gg analiza cada decisión: build order, eco, micro, errores típicos por bracket. Análisis personalizado por WhatsApp o Discord en 30 segundos.
Guía civ
Mongoles
Perfil
Jugador #990339